 Dungeon Crawl Stone Soup version 0.30-b1-2-g02819fbbbe (webtiles) character file.

Game seed: 11629895549255028662

61248 Fartwhistle the Gelid (level 15, 0/102 HPs)
             Began as an Octopode Transmuter on June 7, 2023.
             Was the Champion of Cheibriados.
             Hit by a boomerang thrown by an orc warrior (10 damage)
             ... on level 1 of the Orcish Mines.
             The game lasted 01:09:07 (26779 turns).

Fartwhistle the Gelid (Octopode Transmuter)        Turns: 26779, Time: 01:09:08

Health: 0/102      AC:  3    Str: 27    XL:     15   Next: 2%
Magic:  6/30       EV: 25    Int: 40    God:    Cheibriados [******]
Gold:   1699       SH:  8    Dex: 41    Spells: 8/36 levels left

rFire   . .          .
                       - Unarmed
rCold   + + .        P - +0 buckler
rNeg    . . .        q - +2 hat {Will+}
rPois   .            e - amulet of faith
rElec   .            t - +6 ring of intelligence
rCorr   +            z - ring of protection from cold
SInv    +            U - +6 ring of dexterity
Will    +++..        v - ring of see invisible
Stlth   ++++         I - ring of resist corrosion
HPRegen 0.37/turn    N - ring of willpower
MPRegen 0.22/turn    O - ring of protection from cold
                     D - +6 ring of dexterity

%: faith
@: very slow
A: almost no armour, amphibious, 8 rings, camouflage 1, gelatinous body 1,
(nimble swimmer 1), tentacles
a: Renounce Religion, Bend Time, Temporal Distortion, Slouch, Step From Time


You were on level 1 of the Orcish Mines.
You worshipped Cheibriados.
Cheibriados was exalted by your worship.
You visited 4 branches of the dungeon, and saw 22 of its levels.
You also visited: Sewer.

You collected 1827 gold pieces.
You spent 128 gold pieces at shops.

Inventory:

Missiles
 a - 17 curare-tipped darts
 K - 2 throwing nets
Armour
 q - a +2 hat of willpower (worn)
 P - a +0 buckler (worn)
Magical Staves
 u - a staff of death
Jewellery
 b - an amulet of magic regeneration
 e - an amulet of faith (around mantle)
 t - a +6 ring of intelligence (left tentacle)
 v - a ring of see invisible (on tentacle)
 x - a ring of flight
 z - a ring of protection from cold (right tentacle)
 B - the amulet of Wisdom {Regen+ Str+2 Stlth+}
   (You found it on level 4 of the Lair of Beasts)

   [amulet of regeneration]

   Str:       It affects your strength (+2).
   Regen:     It increases your rate of health regeneration.
   Stlth:     It makes you more stealthy.
 D - a +6 ring of dexterity (on tentacle)
 I - a ring of resist corrosion (on tentacle)
 N - a ring of willpower (on tentacle)
 O - a ring of protection from cold (on tentacle)
 T - a ring of protection from fire
 U - a +6 ring of dexterity (on tentacle)
Wands
 l - a wand of polymorph (13)
 n - a wand of digging (5)
 w - a wand of flame (17)
 y - a wand of quicksilver (6)
 G - a wand of paralysis (9)
Scrolls
 g - 4 scrolls of enchant armour
 j - 3 scrolls of vulnerability
 o - 2 scrolls of magic mapping
 r - 5 scrolls of amnesia
 s - a scroll of fog
 A - 3 scrolls of teleportation
 C - a scroll of enchant weapon
 F - a scroll of torment
 J - 2 scrolls of identify
 L - 2 scrolls of fear
 M - 6 scrolls of poison
 Q - a scroll of brand weapon {unknown}
 S - a scroll of blinking
Potions
 c - 5 potions of brilliance
 d - 3 potions of mutation
 f - 3 potions of flight
 h - 4 potions of curing
 i - 2 potions of resistance
 k - 3 potions of heal wounds
 m - 8 potions of ambrosia
 p - 6 potions of might
 E - a potion of berserk rage
 H - a potion of lignification
 R - a potion of cancellation


   Skills:
 - Level 9.5 Fighting
 - Level 8.0 Dodging
 - Level 2.0 Shields
 - Level 9.5 Unarmed Combat
 - Level 11.0 Spellcasting
 + Level 11.7 Transmutations
 - Level 16.0 Ice Magic
 - Level 2.0 Poison Magic
 - Level 5.0 Invocations


You had 8 spell levels left.
You knew the following spells:

 Your Spells              Type           Power      Damage    Failure   Level
a - Beastly Appendage     Tmut           100%       N/A       0%          1
b - Wereblood             Tmut           86%        N/A       1%          2
c - Spider Form           Tmut/Pois      67%        N/A       1%          3
d - Ice Form              Ice/Tmut       93%        N/A       1%          4
e - Ozocubu's Refrigerat  Ice            50%        4d18      2%          7
f - Summon Ice Beast      Ice/Summ       72%        N/A       1%          4
g - Dragon Form           Tmut           43%        N/A       13%         7

Your spell library contained the following spells:

 Spells                   Type           Power      Damage    Failure   Level
 Frozen Ramparts          Ice            100%       1d16      0%          3
 Foxfire                  Conj/Fire      88%        2x1d8     1%          1
 Shock                    Conj/Air       88%        1d8       1%          1
 Ignite Poison            Fire/Tmut/Pois 56%        N/A       1%          3
 Scorch                   Fire           44%        2d7       2%          2
 Yara's Violent Unravell  Hex/Tmut       31%        3d13      4%          5
 Stone Arrow              Conj/Erth      44%        3d9       5%          3
 Swiftness                Air            22%        N/A       5%          3
 Vhi's Electric Charge    Tloc/Air       44%        N/A       5%          3
 Simulacrum               Ice/Necr       36%        N/A       11%         6
 Airstrike                Air            11%        2d(2-18)  19%         4
 Cause Fear               Hex            11%        N/A       19%         4
 Sticky Flame             Conj/Fire      22%        2d4       19%         4
 Arcjolt                  Conj/Air       11%        1d21      45%         5
 Summon Mana Viper        Hex/Summ       22%        N/A       45%         5
 Plasma Beam              Fire/Air       11%        2x1d24    96%         6
 Monstrous Menagerie      Summ           11%        N/A       100%        7
 Borgnjor's Revivificati  Necr           11%        N/A       100%        8
 Ignition                 Fire           11%        3d5       100%        8
 Lehudib's Crystal Spear  Conj/Erth      11%        10d4      100%        8
 Necromutation            Tmut/Necr      31%        N/A       100%        8
 Polar Vortex             Ice            50%        N/A       95%         9
 Death's Door             Necr           11%        N/A       100%        9
 Dragon's Call            Summ           11%        N/A       100%        9
 Animate Armour           Summ/Erth      Unusable   N/A       N/A         4

Dungeon Overview and Level Annotations

Branches:
Dungeon (14/15)            Temple (1/1) D:5            Lair (5/5) D:9
 Spider (0/4) Lair:3        Slime (0/5) Lair:5          Orc (2/2) D:10
    Elf (0/3) Orc:2         Sewer (visited)
  Swamp: Lair:2-3    Shoals: Lair:2-3    Vaults: D:13-14

Altars:
Ashenzari
Cheibriados
Dithmenos
Elyvilon
Fedhas
Gozag
Hepliaklqana
Kikubaaqudgha
Makhleb
Nemelex Xobeh
Okawaru
Qazlal
Ru
Sif Muna
Trog
Uskayaw
Vehumet
Wu Jian
Xom
Yredelemnul
Zin
The Shining One
Jiyva

Shops:
D:2 [[   D:5 (   D:10 *   D:11 *   Orc:2 [[*(:

Annotations:
D:7 1 runed translucent door, Crazy Yiuf
D:11 2 runed translucent doors, Vruhak's ghost, journeyman MiFi
Lair:2 exclusion: hydra, Harold
Lair:3 exclusion: orange crystal statue
Lair:4 3 runed translucent doors, Vorhees's ghost, journeyman TrGl
Lair:5 1 runed translucent door


Innate Abilities, Weirdness & Mutations

You cannot wear most types of armour.
You are amphibious.
You can wear up to eight rings at the same time.
Your skin changes colour to match your surroundings (Stealth+).
Your rubbery body absorbs attacks. (AC +1, EV +1)
((You are camouflaged when in or above water. (Stealth+)))
You have tentacles for arms and can constrict up to eight enemies at once.


Message History

The orc warrior throws a boomerang.
The boomerang hits you!
The orc knight roars a battlecry!
The orc warrior goes into a battle-frenzy!
An orc wizard comes into view. It is wielding a +0 dagger.
Unknown command.
You can't go up here!
Unknown command.
You can't go up here!
Casting: Ozocubu's Refrigeration (dangerous; 2% risk of failure)
Confirm with . or Enter, or press ? or * to list all spells.
Okay, then.
The orc knight roars a battlecry!
The orc wizard goes into a battle-frenzy!
The orc warrior completely misses you.
The orc knight hits you with a +0 great sword!
You block the orc warrior's attack.
Okay, then.
Aiming: Quicksilver Bolt
Press: ? - help, Shift-Dir - straight line, f - orc wizard
Aim: an orc wizard, wielding a +0 dagger and wearing a +0 robe (strong, 64% to hit)
The bolt of dispelling energy misses the orc knight.
The bolt of dispelling energy misses the orc warrior.
The bolt of dispelling energy misses the orc wizard.
You block the orc warrior's attack.
The orc knight hits you with a +0 great sword!!
* * * LOW HITPOINT WARNING * * *
As you read the scroll of fear, it crumbles to dust.
You assume a fearsome visage.
The orc warrior looks frightened!
The orc wizard looks frightened!
The orc knight looks frightened!
The orc wizard casts a spell.
The orc wizard flickers and vanishes for a moment.
Attack: -) Tentacles
Press: ? - help, Dir - move target, f - you, p - orc wizard
Okay, then.
Found 37 gold pieces.
Found 14 gold pieces.
The orc warrior throws a boomerang.
The boomerang hits you.
* * * LOW HITPOINT WARNING * * *
The orc warrior throws a boomerang.
The boomerang hits you!
You die...

##.#).# . #..o..
##. ###))# ....
##....# .
....###...))#.#
.............)..
$................
..................
.......@..........
.................#
............>.....
#$.............
##....#........
##..##........ ...
.....$... ##..
.........


You could see an orc warrior (strong).

Vanquished Creatures
  Gastronok (D:9)
  Kirke (Lair:4)
  2 orc warlords
  Azrael (D:13)
  An ettin (Orc:2)
  Erolcha (D:9)
  2 hydras
  2 catoblepae (Lair:5)
  Erica (D:11)
  5 two-headed ogres
  A boulder beetle (D:13)
  A tengu warrior (D:13)
  Urug (D:11)
  3 orc high priests (Orc:2)
  Sonja (D:11)
  Nergalle (D:12)
  Pikel (D:9)
  2 orc sorcerers (Orc:2)
  3 cyclopes
  3 orc knights
  7 elephants
  5 black mambas
  A torpor snail (Lair:4)
  A gargoyle (D:12)
  3 cane toads
  A rime drake (Lair:5)
  2 unseen horrors
  A kobold demonologist (D:9)
  Psyche (D:8)
  5 komodo dragons
  A tengu conjurer (D:13)
  A polar bear (Lair:5)
  5 trolls
  3 meliai (D:13)
  A queen bee (D:11)
  15 blink frogs
  6 dream sheep (Lair:5)
  2 shadows
  3 slime creatures (D:12)
  2 wyverns
  3 wraiths
  51 yaks
  5 hogs
  4 fire elementals (D:13)
  6 basilisks
  A steam dragon (D:10)
  10 wargs
  Menkaure (D:5)
  2 swamp worms (Lair:2)
  An acid dragon (D:13)
  8 water moccasins
  32 orc warriors
  2 sky beasts
  An ice beast (D:8)
  5 black bears
  6 ogres
  24 wolves
  5 centaurs
  2 lemures (D:9)
  21 kobold brigands
  11 bullfrogs
  2 necrophages (D:8)
  5 scorpions
  A gnoll sergeant (D:9)
  10 wights
  26 killer bees
  3 howler monkeys (D:10)
  A centaur zombie (D:8)
  3 lava snakes (Lair:3)
  3 jellies
  A human zombie (D:8)
  16 orc priests
  A gnoll bouda (D:8)
  A hound (D:6)
  3 sleepcaps
  4 iguanas
  Ijyb (D:3)
  17 orc wizards
  Terence (D:3)
  3 killer bee zombies (D:8)
  2 mummies (D:8)
  Robin (D:3)
  2 howler monkey zombies (D:8)
  8 gnolls
  A river rat (Sewer)
  12 adders
  2 white imps
  An adder zombie (D:3)
  2 worms
  2 dart slugs
  53 orcs
  13 endoplasms
  12 giant cockroaches
  14 goblins
  9 hobgoblins
  3 jackals (D:1)
  43 kobolds
  6 quokkas
  12 ball pythons
  A ball python zombie (D:3)
  A bat (D:1)
  9 frilled lizards
  A jackal skeleton (D:3)
  A jackal zombie (D:3)
  9 rats
623 creatures vanquished.

Vanquished Creatures (collateral kills)
  A two-headed ogre (D:12)
  An orc knight (Orc:1)
2 creatures vanquished.

Vanquished Creatures (others)
  48 fungi
  29 plants
  2 withered plants (D:3)
79 creatures vanquished.

Grand Total: 704 creatures vanquished

Notes
Turn   | Place    | Note
-------+----------+-------------------------------------------
     0 | D:1      | Fartwhistle the Octopode Transmuter began the quest for the
                  | Orb.
     0 | D:1      | Reached XP level 1. HP: 13/13 MP: 3/3
   406 | D:1      | Reached XP level 2. HP: 18/18 MP: 3/5
   840 | D:1      | Learned a level 2 spell: Wereblood
   945 | D:2      | Found Yniel's Antique Armour Boutique.
   959 | D:2      | Reached XP level 3. HP: 20/23 MP: 4/6
   987 | D:2      | Found Foplim's Armour Shoppe.
  1390 | D:2      | Reached XP level 4. HP: 28/28 MP: 8/8
  1396 | D:2      | Learned a level 3 spell: Spider Form
  1563 | D:1      | HP: 1/28 [poisoned by an adder]
  1913 | D:3      | Reached skill level 1 in Poison Magic
  1982 | D:3      | Noticed Ijyb
  2071 | D:3      | Found a faded altar of an unknown god.
  2118 | D:3      | Killed Ijyb
  2119 | D:3      | Reached XP level 5. HP: 23/33 MP: 5/9
  2176 | D:3      | Noticed Terence
  2191 | D:3      | Killed Terence
  2262 | D:3      | Noticed Robin
  2509 | D:3      | Found a sacrificial altar of Ru.
  2573 | D:3      | Killed Robin
  2758 | D:4      | Found a blossoming altar of Fedhas.
  3005 | D:4      | Reached skill level 5 in Transmutations
  3005 | D:4      | Reached XP level 6. HP: 27/38 MP: 4/11
  3393 | D:4      | HP: 1/38 [poisoned by a scorpion]
  3394 | D:4      | Reached XP level 7. HP: 2/44 MP: 8/12
  3656 | D:4      | Found a radiant altar of Vehumet.
  4435 | D:4      | Got the Vademecum on Hiemal Soot
  4441 | D:4      | Learned a level 4 spell: Ice Form
  4481 | D:5      | Entered Level 5 of the Dungeon
  4587 | D:5      | Found a glowing drain.
  4606 | Sewer    | Entered a sewer
  4831 | Sewer    | Reached skill level 1 in Ice Magic
  4963 | Sewer    | Found a viscous altar of Jiyva.
  5208 | D:5      | Reached skill level 2 in Ice Magic
  5358 | D:5      | Found Upnurugh's Weapon Boutique.
  5721 | D:5      | Noticed Menkaure
  5877 | D:5      | Reached skill level 3 in Ice Magic
  5877 | D:5      | Reached XP level 8. HP: 35/54 MP: 11/14
  6011 | D:5      | Found a staircase to the Ecumenical Temple.
  6024 | D:5      | Killed Menkaure
  6055 | Temple   | Entered the Ecumenical Temple
  6265 | Temple   | Became a worshipper of Cheibriados the Contemplative
  6493 | D:6      | Found a stormy altar of Qazlal.
  6614 | D:6      | Reached skill level 1 in Invocations
  6631 | D:6      | Reached * piety under Cheibriados
  6638 | D:6      | Reached skill level 4 in Ice Magic
  7029 | D:6      | Identified the +2 robe of the Lobster {rF+}
  7253 | D:6      | Reached skill level 5 in Fighting
  7637 | D:6      | Reached skill level 5 in Spellcasting
  7637 | D:6      | Reached XP level 9. HP: 61/61 MP: 11/16
  7761 | D:7      | Reached ** piety under Cheibriados
  7788 | D:7      | Reached skill level 5 in Ice Magic
  8740 | D:7      | Found a runed translucent door.
  8741 | D:7      | Noticed Crazy Yiuf
  8801 | D:8      | Found an iron altar of Okawaru.
  8889 | D:8      | Reached skill level 6 in Ice Magic
  8889 | D:8      | Reached skill level 5 in Invocations
  8963 | D:8      | Reached *** piety under Cheibriados
  9095 | D:8      | Reached XP level 10. HP: 56/64 MP: 15/19
  9214 | D:8      | Reached skill level 5 in Unarmed Combat
  9785 | D:8      | Noticed Psyche
  9814 | D:8      | Paralysed by something for 3 turns
  9818 | D:8      | Killed Psyche
 10104 | D:8      | Found an opulent altar of Gozag.
 10105 | D:8      | Found a glowing silver altar of Zin.
 10259 | D:8      | Found an ancient bone altar of Kikubaaqudgha.
 10372 | D:8      | Reached **** piety under Cheibriados
 10726 | D:8      | Identified the +2 mace "Ymny" {drain, Int+4 Stlth+}
 10857 | D:9      | Noticed a two-headed ogre
 10922 | D:9      | Noticed Pikel
 10937 | D:9      | Killed Pikel
 10938 | D:9      | Reached skill level 7 in Ice Magic
 10962 | D:9      | Noticed a kobold demonologist
 10968 | D:9      | Noticed a sun demon
 10968 | D:9      | Killed a kobold demonologist
 11246 | D:9      | Reached ***** piety under Cheibriados
 11401 | D:9      | Noticed Erolcha
 11558 | D:9      | Noticed Gastronok
 11577 | D:9      | Killed Gastronok
 11578 | D:9      | Reached skill level 5 in Dodging
 11578 | D:9      | Reached XP level 11. HP: 17/75 MP: 17/20
 11899 | D:9      | Found a staircase to the Lair.
 11920 | D:9      | Noticed a seven-headed hydra
 11939 | Lair:1   | Entered Level 1 of the Lair of Beasts
 12011 | Lair:1   | Reached skill level 8 in Ice Magic
 12051 | Lair:1   | Learned a level 7 spell: Ozocubu's Refrigeration
 12209 | Lair:1   | Reached skill level 9 in Ice Magic
 12878 | Lair:2   | Reached skill level 10 in Ice Magic
 13036 | Lair:2   | Reached skill level 11 in Ice Magic
 13358 | Lair:2   | Reached XP level 12. HP: 82/82 MP: 20/23
 13468 | Lair:2   | Noticed Harold
 13652 | Lair:2   | Reached skill level 12 in Ice Magic
 13760 | Lair:2   | Noticed an eight-headed hydra
 14537 | Lair:3   | Found a hole to the Spider Nest.
 14583 | Lair:3   | Reached skill level 13 in Ice Magic
 15061 | Lair:3   | Reached ****** piety under Cheibriados
 15082 | Lair:3   | Reached skill level 14 in Ice Magic
 15668 | Lair:4   | Noticed Kirke
 15808 | Lair:4   | Noticed a catoblepas
 15808 | Lair:4   | Found a runed translucent gate.
 15816 | Lair:4   | Noticed a boulder beetle
 15817 | Lair:4   | Noticed Vorhees's ghost (journeyman TrGl)
 15819 | Lair:4   | Found a runed translucent gate.
 15819 | Lair:4   | Noticed a death yak
 15820 | Lair:4   | Found a runed translucent gate.
 16040 | Lair:4   | Identified the +2 pair of boots of the Butterfly {rCorr}
 16132 | Lair:4   | Killed Kirke
 16133 | Lair:4   | Reached skill level 15 in Ice Magic
 16731 | Lair:4   | Identified the amulet of Wisdom {Regen+ Str+2 Stlth+}
 17302 | Lair:5   | Entered Level 5 of the Lair of Beasts
 17319 | Lair:5   | Reached XP level 13. HP: 77/88 MP: 22/26
 17347 | Lair:5   | Reached skill level 16 in Ice Magic
 17524 | Lair:5   | Learned a level 4 spell: Summon Ice Beast
 17894 | Lair:5   | Found a runed translucent door.
 17895 | Lair:5   | Found a viscous altar of Jiyva.
 17896 | Lair:5   | Noticed an acid blob
 17896 | Lair:5   | Noticed an acid blob
 17897 | Lair:5   | Found a staircase to the Slime Pits.
 18346 | Lair:5   | Reached skill level 1 in Shields
 18357 | Lair:5   | Reached skill level 10 in Spellcasting
 18488 | Lair:5   | Noticed a dire elephant
 19280 | D:9      | Killed Erolcha
 19399 | D:10     | Entered Level 10 of the Dungeon
 19421 | D:10     | Found an ornate altar of the Wu Jian Council.
 19528 | D:10     | Found a staircase to the Orcish Mines.
 19664 | D:10     | Found Peeczom's Fire Supplies.
 19701 | D:10     | Got the Vademecum on Remoulded Austromancy
 20373 | D:11     | Noticed Erica
 20376 | D:11     | Killed Erica
 20489 | D:11     | Noticed Urug
 20492 | D:11     | Killed Urug
 20764 | D:11     | Found a large runed translucent door.
 20764 | D:11     | Found a large runed translucent door.
 20765 | D:11     | Noticed Vruhak's ghost (journeyman MiFi)
 20788 | D:11     | Noticed Sonja
 20792 | D:11     | Killed Sonja
 20801 | D:11     | Found Kifuzin's General Store.
 20926 | D:11     | Bought a scroll of fear for 56 gold pieces
 20963 | D:11     | Reached XP level 14. HP: 97/97 MP: 13/28
 21564 | D:12     | Noticed Nergalle
 21567 | D:12     | Killed Nergalle
 22848 | D:12     | Learned a level 7 spell: Dragon Form
 23513 | D:13     | Noticed Azrael
 23516 | D:13     | Killed Azrael
 24869 | Orc:1    | Entered Level 1 of the Orcish Mines
 25137 | Orc:2    | Entered Level 2 of the Orcish Mines
 25137 | Orc:2    | Noticed an orc warlord
 25137 | Orc:2    | Found Forcheteh's Antique Weapon Boutique.
 25400 | Orc:1    | Killed an orc warlord
 25401 | Orc:1    | Reached skill level 10 in Transmutations
 25601 | Orc:2    | Found Jabloh's Antique Armour Shop.
 25805 | Orc:2    | Found Ejujoh's Book Shoppe.
 26147 | Orc:2    | Found Vetiawne's General Store.
 26156 | Orc:2    | Bought a potion of might for 72 gold pieces
 26158 | Orc:2    | Found a staircase to the Elven Halls.
 26173 | Orc:2    | Noticed an orc warlord
 26183 | Orc:2    | Killed an orc warlord
 26405 | Orc:2    | Found Fesa Kyma's Armour Emporium.
 26520 | Orc:2    | Reached XP level 15. HP: 99/102 MP: 30/30
 26779 | Orc:1    | Hit by a boomerang thrown by an orc warrior

Illustrated notes

Levels and vault maps discovered:
D:1:      amcnicky_arrival_wind_blow, layout_basic
D:2:      layout_basic, serial_shops, shop, shop, minmay_misc_feat_tower
D:3:      layout_rooms, hangedman_ru_absence, serial_undead, serial_undead_e,
          serial_undead_b, serial_undead_c, serial_undead_a,
          basic_ecumenical_altar, uniq_ijyb, uniq_robin, uniq_terence
D:4:      minmay_clustersquares, layout_loops_corners, lemuel_round_altar,
          mainiacjoe_overflow_tiny_flanked
D:5:      layout_rooms, minmay_temple_entry_drinking_statues,
          gup_sewer_entry_pipe, serial_shops, shop, grunt_ministairs_8,
          dreamdust_princess_corridor, uniq_menkaure
D:6:      layout_cave_pods, overflow_temple_1_default, st_stairs_13
D:7:      layout_basic, uniq_crazy_yiuf_cottage
D:8:      layout_layer_cave, grunt_temple_overflow_gold_and_silver,
          lemuel_mausoleum_altar_kikubaaqudgha, okawaru_trees_2, serial_glass,
          glass_columns_b, glass_columns_a, glass_columns_b, glass_columns_a,
          glass_columns_c, glass_columns_c, glass_columns_b, glass_columns_a,
          due_unseen_surprise, feat_on_display, minmay_strange_pillars,
          feat_on_display, uniq_psyche
D:9:      layout_roguey, lair_entry_dummy, special_room [special_room_kobold],
          st_stairs_7, uniq_gastronok, uniq_erolcha, uniq_pikel
D:10:     layout_loops_ring, nicolae_wu_jian_wuxing_cycle, david_orc_3,
          nicolae_shop_fire_sale [nicolae_sub_dead_trees]
D:11:     layout_roguey [special_room_bee], ebering_ghost_disaster_area,
          serial_shops, nicolae_shop_temple_entry_statues_fountains, uniq_sonja,
          uniq_erica, uniq_urug
D:12:     layout_loops_cross, dreamdust_princess_bridge, uniq_nergalle
D:13:     layout_grid_maze, uniq_azrael
D:14:     cheibrodos_statue_roulette, layout_basic, erik_vaults_1,
          serial_park_square2, kennysheep_cross_room, serial_bayou_lagoon_a
Temple:   oiseaux_autumnal_temple
Lair:1:   layout_long_grid, grunt_megastairs_5
Lair:2:   layout_gridlike, palyth_hydra_swamp_entry, beast_lair_carwin_6,
          uniq_harold
Lair:3:   layout_cave_shapes, spider_nest_entry_web_field, disabler_island
Lair:4:   layout_regular_city, gammafunk_ghost_split, uniq_kirke
Lair:5:   hangedman_lair_in_review, layout_long_grid, slime_entry_2,
          serial_bayou_shore_a, lemuel_fruit_tree, serial_bayou_shore_b
Orc:1:    layout_caves
Orc:2:    grunt_orc_gardens, layout_caves, grunt_orc_garden, grunt_orc_garden,
          grunt_orc_garden, grunt_orc_garden, serial_shops, shop

Skill      XL: |  1  2  3  4  5  6  7  8  9 10 11 12 13 14 |
---------------+-------------------------------------------+-----
Transmutations | 3 4 5 6 11 | 11.7
Poison Magic   | 1 2 |  2.0
Spellcasting   | 3 4 5 6 7 9 10 11 | 11.0
Fighting       | 4 5 7 9 |  9.5
Ice Magic      | 3 4 6 7 11 15 16 | 16.0
Invocations    | 3 5 |  5.0
Unarmed Combat | 4 6 7 9 |  9.5
Dodging        | 5 7 8 |  8.0
Shields        | 2 |  2.0

Action                     |  1- 3 |  4- 6 |  7- 9 | 10-12 | 13-15 || total
---------------------------+-------+-------+-------+-------+-------++-------
  Melee: Unarmed           |    75 |   166 |   367 |   517 |   261 ||  1386
         Constrict         |    24 |    20 |    31 |    27 |    10 ||   112
         Tentacles         |    17 |    19 |    30 |    31 |    17 ||   114
         Kick              |    11 |     6 |       |       |       ||    17
         Punch             |     3 |     2 |     4 |     5 |     4 ||    18
         Bite              |       |       |       |       |     6 ||     6
         Tailslap          |       |       |       |       |     3 ||     3
  Throw: Dart              |       |       |       |     1 |       ||     1
   Cast: Beastly Appendage |     7 |     3 |       |       |       ||    10
         Spider Form       |       |    13 |    13 |       |       ||    26
         Wereblood         |       |     5 |     7 |    13 |     2 ||    27
         Ice Form          |       |       |    18 |    33 |    27 ||    78
         Ozocubu's Refrige |       |       |       |    15 |    94 ||   109
         Summon Ice Beast  |       |       |       |       |    11 ||    11
         Dragon Form       |       |       |       |       |     3 ||     3
 Invoke: Slouch            |       |       |       |     4 |     1 ||     5
         Bend Time         |       |       |       |       |     2 ||     2
  Evoke: Wand              |       |       |       |     2 |     3 ||     5
    Use: Potion            |       |     3 |     2 |     7 |     1 ||    13
         Scroll            |       |     7 |     7 |     3 |     7 ||    24
   Stab: Sleeping          |     8 |     6 |     7 |     4 |     1 ||    26
         Distracted        |       |       |       |       |     1 ||     1
 Armour: Skin              |     3 |    18 |   107 |   165 |    57 ||   350
  Dodge: Dodged            |    40 |   146 |   243 |   315 |   217 ||   961
  Block: Buckler           |       |       |       |       |    26 ||    26
